 Dungeon Crawl Stone Soup version 0.30-a0-924-g0ad0bf95bc (webtiles) character file.

Game seed: 2062252379525392411

218155 hikkokomori the Warrior (level 19, -2/161 HPs)
             Began as a Formicid Hunter on Mar 23, 2023.
             Was a High Priest of Okawaru.
             Killed from afar by a quicksilver dragon (27 damage)
             ... with a bolt of dispelling energy
             ... on level 4 of the Snake Pit.
             The game lasted 01:10:00 (36468 turns).

hikkokomori the Warrior (Formicid Hunter)          Turns: 36468, Time: 01:10:00

Health: -2/161     AC: 19    Str: 15    XL:     19   Next: 85%
Magic:  0/33       EV: 31    Int:  7    God:    Okawaru [*****.]
Gold:   2148       SH: 25    Dex: 28    Spells: 10/18 levels left

rFire   + . .      SeeInvis +    r - +6 shillelagh "Devastator" {shatter}
rCold   + + +      Faith    .    B - +7 kite shield of Protective Custody {-Tele rC+++ Str-5 Stlth+}
rNeg    . . .      Spirit   +    V - +5 leather armour of Apsosh {rF+ MP+9 Dex+2}
rPois   +          Reflect  .    (helmet unavailable)
rElec   .          Rampage  .    D - +2 cloak of Hospitality {Dex+2}
rCorr   .                        F - +1 pair of gloves {Dex+3}
Will    ++...                    x - +1 pair of boots
Stlth   ++++++++                 K - amulet of guardian spirit
HPRegen 0.46/turn                q - ring of poison resistance
MPRegen 0.23/turn                Q - ring "Cicaz" {rC+ Will+ Int-2 SInv}

@: heroic, finesse-ful, studying 2 skills
A: permanent stasis, dig shafts and tunnels, antennae 3, four strong arms
}: 1/15 runes: decaying
a: Dig, Shaft Self, Renounce Religion, Heroism, Finesse, Duel


You were on level 4 of the Snake Pit.
You worshipped Okawaru.
Okawaru was extremely pleased with you.
You visited 6 branches of the dungeon, and saw 31 of its levels.
You visited 1 bazaar.
You also visited: Gauntlet and Ice Cave.

You collected 3873 gold pieces.
You spent 1725 gold pieces at shops.

Inventory:

Hand Weapons
 o - the +3 demon whip "Bilugos" {flame, +Blink rElec Int+3}
   (Okawaru gifted it to you on level 15 of the Dungeon)

   Int:       It affects your intelligence (+3).
   rElec:     It insulates you from electricity.
   +Blink:    It lets you blink.
 r - the +6 shillelagh "Devastator" (weapon) {shatter}
   (You found it on level 3 of the Dungeon)
 W - a +4 longbow of flaming
Missiles
 S - 19 javelins
Armour
 s - a scarf of repulsion
 x - a +1 pair of boots (worn)
 B - the +7 kite shield of Protective Custody (worn) {-Tele rC+++ Str-5 Stlth+}
   (You acquired it on level 9 of the Dungeon)

   Str:       It affects your strength (-5).
   rC:        It renders you almost immune to cold.
   -Tele:     It prevents most forms of teleportation.
   Stlth:     It makes you more stealthy.
 D - the +2 cloak of Hospitality (worn) {Dex+2}
   (You found it in a Gauntlet)

   Dex:       It affects your dexterity (+2).
 F - a +1 pair of gloves of dexterity (worn)
 V - the +5 leather armour of Apsosh (worn) {rF+ MP+9 Dex+2}
   (You found it on level 9 of the Dungeon)

   Dex:       It affects your dexterity (+2).
   rF:        It protects you from fire.
   MP:        It affects your magic capacity (+9).
Jewellery
 q - a ring of poison resistance (left hand)
 u - a ring of flight
 K - an amulet of guardian spirit (around neck)
 Q - the ring "Cicaz" (right hand) {rC+ Will+ Int-2 SInv}
   (You found it in a Gauntlet)

   [ring of protection from cold]

   Int:       It affects your intelligence (-2).
   rC:        It protects you from cold.
   SInv:      It lets you see invisible.
   Will:      It increases your willpower.
 R - a ring of resist corrosion
Wands
 f - a wand of digging (5)
 A - a wand of quicksilver (4)
 H - a wand of roots (11)
 L - a wand of polymorph (30)
 U - a wand of mindburst (11)
 Z - a wand of flame (37)
Scrolls
 a - 3 scrolls of brand weapon
 i - 4 scrolls of magic mapping
 t - 4 scrolls of fear
 w - 4 scrolls of silence
 y - 6 scrolls of immolation
 z - 8 scrolls of poison
 G - 4 scrolls of fog
 I - a scroll of summoning {unknown}
 N - 5 scrolls of enchant armour
 T - 5 scrolls of amnesia
Potions
 b - 6 potions of flight
 c - 6 potions of brilliance
 d - 4 potions of ambrosia
 e - 5 potions of lignification
 h - 5 potions of attraction
 j - 3 potions of might
 k - 7 potions of mutation
 l - 7 potions of curing
 m - 3 potions of invisibility
 n - 7 potions of heal wounds
 v - 3 potions of resistance
 J - a potion of cancellation
 O - a potion of haste
 X - 2 potions of magic
Miscellaneous
 g - a lightning rod (4/4)
 p - a tin of tremorstones (2/2)
 C - a phial of floods
 E - a condenser vane


   Skills:
 + Level 17.5(22.5) Fighting
 - Level 14.3(19.3) Maces & Flails
 + Level 14.0(19.0) Ranged Weapons
 + Level 11.0(16.0) Armour
 + Level 13.9(18.9) Dodging
 + Level 11.4(16.4) Stealth
 - Level 15.1(20.1) Shields
 + Level 2.8 Hexes
 - Level 7.3 Invocations
 + Level 8.6 Evocations


You had 10 spell levels left.
You knew the following spells:

 Your Spells              Type           Power      Damage    Failure   Level
a - Discord               Hex            2%         N/A       100%        8

Your spell library contained the following spells:

 Spells                   Type           Power      Damage    Failure   Level
 Ensorcelled Hibernation  Hex/Ice        4%         N/A       50%         2
 Freeze                   Ice            0%         1d3       56%         1
 Magic Dart               Conj           0%         1d3       56%         1
 Cigotuvi's Dreadful Rot  Necr/Pois/Air  0%         N/A       71%         2
 Lesser Beckoning         Tloc           0%         N/A       71%         2
 Passwall                 Tmut/Erth      0%         N/A       71%         2
 Poisonous Vapours        Pois/Air       0%         N/A       71%         2
 Searing Ray              Conj           0%         2d4       71%         2
 Portal Projectile        Hex/Tloc       4%         N/A       75%         3
 Frozen Ramparts          Ice            0%         1d1       90%         3
 Gell's Gravitas          Tloc           0%         N/A       90%         3
 Hailstorm                Conj/Ice       0%         3d3       90%         3
 Ignite Poison            Fire/Tmut/Pois 0%         N/A       90%         3
 Mephitic Cloud           Conj/Pois/Air  0%         N/A       90%         3
 Spider Form              Tmut/Pois      0%         N/A       90%         3
 Teleport Other           Tloc           0%         N/A       90%         3
 Anguish                  Hex/Necr       1%         N/A       98%         4
 Fulminant Prism          Conj/Hex       1%         3d5       98%         4
 Leda's Liquefaction      Hex/Erth       1%         N/A       98%         4
 Airstrike                Air            0%         2d(0-16)  100%        4
 Ice Form                 Ice/Tmut       0%         N/A       100%        4
 Alistair's Intoxication  Tmut/Pois      0%         N/A       100%        5
 Blade Hands              Tmut           0%         N/A       100%        5
 Borgnjor's Vile Clutch   Necr/Erth      0%         N/A       100%        5
 Irradiate                Conj/Tmut      0%         3d11      100%        5
 Plasma Beam              Fire/Air       0%         2x1d11    100%        5
 Conjure Ball Lightning   Conj/Air       0%         3x3d6     100%        6
 Eringya's Noxious Bog    Tmut/Pois      0%         N/A       100%        6
 Disjunction              Tloc           0%         N/A       100%        8
 Call Canine Familiar     Summ           Unusable   N/A       N/A         3
 Swiftness                Air            Unusable   N/A       N/A         3
 Summon Ice Beast         Ice/Summ       Unusable   N/A       N/A         4
 Summon Lightning Spire   Summ/Air       Unusable   N/A       N/A         4

Dungeon Overview and Level Annotations

Branches:
Dungeon (15/15)            Temple (1/1) D:5            Lair (5/5) D:8
  Swamp (4/4) Lair:2        Snake (4/4) Lair:2        Slime (0/5) Lair:4
    Orc (2/2) D:12            Elf (0/3) Orc:2        Vaults (0/5) D:14
 Depths (0/4) D:15          IceCv (visited)         Gauntlet (visited)

Altars:
Ashenzari
Cheibriados
Dithmenos
Elyvilon
Fedhas
Gozag
Hepliaklqana
Kikubaaqudgha
Makhleb
Nemelex Xobeh
Okawaru
Qazlal
Ru
Sif Muna
Trog
Uskayaw
Vehumet
Wu Jian
Xom
Yredelemnul
Zin
The Shining One
Jiyva

Shops:
D:7 ?   D:8 (   D:9 (   D:13 *   D:15 :!   Orc:2 *[(:   Snake:1 (*

Portals:
Abyss: D:7

Annotations:
D:7 2 transporters, cforsyth's ghost, novice HuFi
D:8 1 runed translucent door, pyrography25's ghost, novice MiFi
Snake:1 2 transporters, Mimusiah's ghost, adept HOFi


Innate Abilities, Weirdness & Mutations

You cannot be hasted, slowed, berserked, paralysed or teleported.
You can dig through walls and to a lower floor.
You have a pair of large antennae on your head. (SInv)
Your four strong arms can wield two-handed weapons with a shield.


Message History

The salamander tyrant gazes fiercely through you!
You feel your attacks grow feeble.
You block the quicksilver dragon's attack.
The quicksilver dragon completely misses you.
You hit the quicksilver dragon.
The quicksilver dragon shudders.
The quicksilver dragon is moderately wounded.
The nagaraja gestures at you while chanting.
The poison arrow misses you.
A naga sharpshooter opens the door.
A shock serpent comes into view.
The shock serpent hisses angrily.
You barely miss the quicksilver dragon.
The quicksilver dragon is moderately wounded.
The quicksilver dragon breathes dispelling energy at you.
The bolt of dispelling energy misses you.
You hit the quicksilver dragon.
The quicksilver dragon shudders.
The quicksilver dragon is moderately wounded.
You sock the quicksilver dragon!
The quicksilver dragon shudders.
The quicksilver dragon is heavily wounded. x2
The quicksilver dragon bites you but does no damage.
You block the quicksilver dragon's attack.
You sock the quicksilver dragon!
The quicksilver dragon shudders.
The quicksilver dragon is severely wounded. x2
You hit the quicksilver dragon.
The quicksilver dragon shudders.
The quicksilver dragon is almost dead.
The quicksilver dragon breathes dispelling energy at you.
The bolt of dispelling energy hits you!!
Your magical effects are unravelling.
* * * LOW HITPOINT WARNING * * *
Unknown command.
You feel much better.
Your attacks no longer feel as feeble.
The quicksilver dragon looks more healthy.
The shock serpent shoots out a bolt of lightning at you!
The bolt of electricity hits you!
* * * LOW HITPOINT WARNING * * *
The bolt of electricity hits you!
* * * LOW HITPOINT WARNING * * *
The quicksilver dragon breathes dispelling energy at you.
The bolt of dispelling energy hits you!!
You die...

*#### *#.φ.** *8..,8* ##..#,,##
#...*,,.# ##..***,.##
****#).#####..#####
****,,*#..{#@#...##..####
**,,,,,,##..).D..##......##
**,,,**,,.##8.$.8##...##.).##
**,,*****,#'...S...'#.#####..##
**,,**,8,**#..##N##..###,8,##..##
*,,,*,,,,,#.N#*...##..#..,,,#...#
*,,,*8,⌠,.'..*,.8.,#..'..⌠,8#...#
**,,*,,,..#[.*,...,#..#...,,#..##
#,,,**,,.##.,**,,{*#..##...##...#


You could see a quicksilver dragon (catching breath), a nagaraja, a naga
sharpshooter and a shock serpent.

Vanquished Creatures
  Nikola (Snake:4)
  A quicksilver dragon (Snake:4)
  Donald (Lair:2)
  An orc warlord (Orc:2)
  Aizul (Lair:2)
  The ghost of Yguig the Convoker, a journeyman BaGl of Cheibriados (D:13)
  Nessos (Lair:5)
  2 very ugly things (IceCv)
  3 eleionomae
  5 bunyips
  A minotaur (Gauntlet)
  3 shambling mangroves
  A rakshasa (D:13)
  The ghost of Pooter the Cleaver, a journeyman MiBe of Trog (Orc:1)
  2 salamander tyrants
  A hell beast (Gauntlet)
  An ice dragon (D:14)
  2 vault guards (D:14)
  2 ghost crabs
  18 hydras
  10 anacondas
  6 catoblepae
  7 boulder beetles
  4 centaur warriors
  5 alligators
  6 two-headed ogres
  14 naga warriors
  4 orc high priests
  7 death yaks (Lair:5)
  A tengu warrior (D:15)
  8 naga sharpshooters
  Nergalle (D:11)
  A spriggan berserker (Swamp:4)
  6 shock serpents
  A skyshark (Lair:2)
  18 skeletal warriors
  4 salamander mystics (Snake:2)
  7 goliath frogs
  A fire crab (D:12)
  5 sea snakes (Snake:4)
  11 swamp dragons
  2 deep trolls (D:15)
  10 bog bodies
  5 spriggan druids
  6 naga ritualists
  4 necromancers
  An orange crystal statue (IceCv)
  5 orc knights
  A wizard (D:15)
  2 orc sorcerers (Orc:2)
  13 ugly things
  3 will-o-the-wisps
  5 deep elf pyromancers
  8 mana vipers
  A salamander (shapeshifter) (D:12)
  9 elephants
  8 cyclopes
  24 salamanders
  9 guardian serpents
  5 manticores
  4 centaur zombies (D:13)
  12 naga magi
  29 black mambas
  4 torpor snails
  A water nymph (shapeshifter) (D:15)
  A cane toad (shapeshifter) (D:14)
  4 gargoyles
  4 yaktaurs (D:15)
  4 rime drakes
  9 cane toads
  2 kobold demonologists (D:11)
  An efreet (D:15)
  7 komodo dragons
  An unseen horror (D:10)
  2 freezing wraiths (IceCv)
  2 anaconda simulacra (IceCv)
  A golden dragon simulacrum (IceCv)
  7 trolls
  A meliai (D:11)
  A queen bee (shapeshifter) (D:12)
  A queen bee (Gauntlet)
  2 polar bears
  8 hornets
  10 tyrant leeches
  4 blink frogs (Lair:5)
  6 dream sheep (Lair:4)
  18 slime creatures
  A shadow (D:5)
  15 spriggans
  2 centaur simulacra
  A dire elephant simulacrum (IceCv)
  2 vampires
  8 basilisks
  5 wraiths
  A basilisk (shapeshifter) (D:11)
  20 humans (D:14)
  2 wyverns
  62 yaks
  Eustachio (D:4)
  A steam dragon (D:8)
  A redback simulacrum (D:15)
  A harpy simulacrum (IceCv)
  A warg (Orc:2)
  11 vampire mosquitoes
  36 nagas
  13 swamp worms
  An acid dragon (D:12)
  A hydra simulacrum (IceCv)
  Edmund (D:4)
  13 water moccasins
  2 hell hounds (Gauntlet)
  10 swamp drakes
  29 orc warriors
  2 ice beasts
  A sky beast (D:8)
  A black bear (Lair:2)
  8 ogres
  17 wolves
  An ettin simulacrum (IceCv)
  4 boggarts (D:15)
  12 centaurs
  2 phantoms
  2 kobold brigands
  Blork the orc (Orc:2)
  17 bullfrogs
  A necrophage (D:4)
  4 gnoll sergeants
  A scorpion (D:6)
  7 wights (D:8)
  5 killer bees (Gauntlet)
  A lindwurm simulacrum (IceCv)
  2 electric eels
  A howler monkey (D:8)
  14 jellies
  19 orc priests
  A hound (D:5)
  A sleepcap (D:4)
  Natasha (thrice) (D:4)
  2 iguanas (D:5)
  12 hell rats
  14 orc wizards
  A hound skeleton (D:4)
  Robin (D:4)
  25 gnolls
  10 adders
  13 river rats (Lair:3)
  4 white imps
  2 ufetubi (D:6)
  4 worms
  3 dart slugs
  74 orcs
  7 ball pythons
  3 bat zombies (D:13)
  5 endoplasms
  5 giant cockroaches
  15 hobgoblins
  12 jackals
  14 kobolds
  8 quokkas
  3 bats
  2 frilled lizards
  14 goblins
  14 rats
  2 rat zombies (D:13)
1081 creatures vanquished.

Vanquished Creatures (others)
  A hydra (Swamp:4)
  A bog body (Swamp:4)
  A bloated husk (Swamp:1)
  A tyrant leech (Swamp:2)
  A goblin (D:4)
  22 foxfires
  28 fungi
  35 plants
  A withered plant (D:13)
91 creatures vanquished.

Grand Total: 1172 creatures vanquished

Notes
Turn   | Place    | Note
-------+----------+-------------------------------------------
     0 | D:1      | hikkokomori the Formicid Hunter began the quest for the
                  | Orb.
     0 | D:1      | Reached XP level 1. HP: 16/16 MP: 1/1
   135 | D:1      | Reached XP level 2. HP: 23/23 MP: 2/2
   401 | D:1      | Reached XP level 3. HP: 3/28 MP: 3/3
   850 | D:2      | Reached XP level 4. HP: 34/34 MP: 4/4
  1003 | D:2      | Reached skill level 3 in Fighting
  1542 | D:2      | Reached XP level 5. HP: 41/41 MP: 5/5
  1777 | D:3      | Found a faded altar of an unknown god.
  2072 | D:3      | Found the +6 shillelagh "Devastator" {shatter}
  2341 | D:4      | Found a stormy altar of Qazlal.
  2376 | D:4      | Found a bloodstained altar of Trog.
  2383 | D:4      | Noticed Edmund
  2384 | D:4      | Reached XP level 6. HP: 48/48 MP: 6/6
  2390 | D:4      | Killed Edmund
  2391 | D:4      | Reached skill level 4 in Fighting
  2391 | D:4      | Reached skill level 1 in Maces & Flails
  2446 | D:4      | Found a shimmering altar of Xom.
  2487 | D:4      | Noticed Robin
  2489 | D:4      | Noticed Eustachio
  2496 | D:4      | Killed Robin
  2502 | D:4      | Reached XP level 7. HP: 22/54 MP: 7/7
  2510 | D:4      | Killed Eustachio
  2715 | D:4      | Noticed Natasha
  2720 | D:4      | Killed Natasha
  2824 | D:4      | Noticed Natasha
  2834 | D:4      | Killed Natasha
  2835 | D:4      | Reached skill level 5 in Stealth
  2849 | D:4      | Noticed Natasha
  2853 | D:4      | Killed Natasha
  2988 | D:4      | Found a burning altar of Makhleb.
  3110 | D:5      | Entered Level 5 of the Dungeon
  3133 | D:5      | Reached skill level 5 in Fighting
  3133 | D:5      | Reached XP level 8. HP: 42/62 MP: 8/8
  3306 | D:5      | Noticed a shadow
  3316 | D:5      | Killed a shadow
  3430 | D:5      | Identified the +1 quarterstaff of the Sheltering Enemy
                  | {vamp, +Blink rPois rC+ Dex-5}
  3571 | D:5      | Found a glowing golden altar of the Shining One.
  3620 | D:5      | Found a sacrificial altar of Ru.
  4121 | D:5      | Found a staircase to the Ecumenical Temple.
  4152 | D:5      | Found an ornate altar of the Wu Jian Council.
  4435 | Temple   | Entered the Ecumenical Temple
  4452 | Temple   | Became a worshipper of Warmaster Okawaru
  4508 | D:6      | Reached skill level 6 in Fighting
  4584 | D:6      | Reached XP level 9. HP: 69/69 MP: 9/9
  4590 | D:6      | Reached skill level 1 in Armour
  4590 | D:6      | Reached skill level 1 in Invocations
  4697 | D:6      | Reached * piety under Okawaru
  5453 | D:7      | Found Congina's Magic Scroll Boutique.
  5462 | D:7      | Bought a scroll of fear for 52 gold pieces
  5462 | D:7      | Bought a scroll of identify for 26 gold pieces
  5523 | D:7      | Noticed a red ugly thing
  5606 | D:7      | Noticed a cyan ugly thing
  5611 | D:7      | Found a transporter.
  5611 | D:7      | Found a transporter.
  5647 | D:7      | Found a one-way gate to the infinite horrors of the Abyss.
  5647 | D:7      | Noticed cforsyth's ghost (novice HuFi)
  5654 | D:7      | Identified the +0 rapier "Zoxeol" {pain, *Rage Drain Str+3
                  | Int+8}
  5663 | D:7      | Reached skill level 5 in Maces & Flails
  6011 | D:7      | Found a glowing silver altar of Zin.
  6205 | D:8      | Noticed a two-headed ogre
  6212 | D:8      | Reached skill level 7 in Fighting
  6212 | D:8      | Reached ** piety under Okawaru
  6213 | D:8      | Reached XP level 10. HP: 79/79 MP: 9/13
  6220 | D:8      | Killed a two-headed ogre
  6221 | D:8      | Reached skill level 5 in Invocations
  6222 | D:8      | Reached *** piety under Okawaru
  6224 | D:8      | Reached skill level 5 in Armour
  6227 | D:8      | Reached skill level 8 in Fighting
  6383 | D:8      | Found a staircase to the Lair.
  6460 | D:8      | Noticed a two-headed ogre
  6468 | D:8      | Killed a two-headed ogre
  6468 | D:8      | Reached **** piety under Okawaru
  6469 | D:8      | Reached XP level 11. HP: 63/87 MP: 15/15
  6623 | D:8      | Found a runed translucent door.
  7383 | D:8      | Reached skill level 9 in Fighting
  7384 | D:8      | Reached ***** piety under Okawaru
  7395 | D:8      | Received a gift from Okawaru
  7521 | D:8      | Reached skill level 5 in Dodging
  7666 | D:8      | Reached skill level 1 in Shields
  7878 | D:8      | Noticed pyrography25's ghost (novice MiFi)
  7893 | D:8      | Found Yxtis's Antique Weapon Emporium.
  8215 | D:9      | Identified a scroll of acquirement
  8220 | D:9      | Acquired the +7 kite shield of Protective Custody {-Tele
                  | rC+++ Str-5 Stlth+}
  8266 | D:9      | Received a gift from Okawaru
  8488 | D:9      | Identified the +5 leather armour of Apsosh {rF+ MP+9 Dex+2}
  8698 | D:9      | Noticed a two-headed ogre
  8705 | D:9      | Killed a two-headed ogre
  8864 | D:9      | Found Uhogg's Weapon Shoppe.
  9251 | Lair:1   | Entered Level 1 of the Lair of Beasts
  9336 | Lair:1   | Reached XP level 12. HP: 79/97 MP: 17/17
  9337 | Lair:1   | Reached skill level 10 in Fighting
  9627 | Lair:1   | Reached skill level 5 in Shields
 10040 | Lair:2   | Identified the +1 pair of gloves of the Harvest Moon {Harm
                  | Dex+2} (Okawaru gifted it to you on level 2 of the Lair of
                  | Beasts)
 10040 | Lair:2   | Received a gift from Okawaru
 10575 | Lair:2   | Reached skill level 11 in Fighting
 10667 | Lair:2   | Noticed a skyshark
 10685 | Lair:2   | Killed a skyshark
 10755 | Lair:2   | Found a staircase to the Snake Pit.
 10951 | Lair:2   | Reached XP level 13. HP: 106/106 MP: 18/18
 10952 | Lair:2   | Found a snail-covered altar of Cheibriados.
 11611 | Lair:3   | Reached skill level 10 in Maces & Flails
 11961 | Lair:3   | Noticed a six-headed hydra
 11968 | Lair:3   | Killed a six-headed hydra
 11978 | Lair:3   | Received a gift from Okawaru
 12207 | Lair:3   | Reached skill level 12 in Fighting
 12869 | Lair:4   | Noticed an eight-headed hydra
 12880 | Lair:4   | Killed an eight-headed hydra
 12902 | Lair:4   | Found a staircase to the Slime Pits.
 12903 | Lair:4   | Found a viscous altar of Jiyva.
 13167 | Lair:4   | Reached ****** piety under Okawaru
 13290 | Lair:4   | Reached skill level 10 in Shields
 13291 | Lair:4   | Received a gift from Okawaru
 13606 | Lair:5   | Entered Level 5 of the Lair of Beasts
 13797 | Lair:5   | Noticed Nessos
 13810 | Lair:5   | Reached XP level 14. HP: 116/116 MP: 19/19
 13818 | Lair:5   | Killed Nessos
 14425 | Lair:5   | Reached skill level 13 in Fighting
 14489 | Lair:5   | Received a gift from Okawaru
 14994 | Lair:5   | Identified the +0 plate armour of Joy {rCorr}
 15285 | D:10     | Entered Level 10 of the Dungeon
 15586 | D:10     | Found a shadowy altar of Dithmenos.
 15983 | D:10     | Found an opulent altar of Gozag.
 15983 | D:10     | Found a sparkling altar of Nemelex Xobeh.
 16470 | D:11     | Reached skill level 10 in Dodging
 16900 | D:11     | Identified the +1 cloak of the Eternal Fruit {Int+5 Dex-2}
                  | (Okawaru gifted it to you on level 11 of the Dungeon)
 16900 | D:11     | Received a gift from Okawaru
 17044 | D:11     | Reached skill level 5 in Ranged Weapons
 17044 | D:11     | Reached XP level 15. HP: 58/125 MP: 20/20
 17582 | D:11     | Noticed Nergalle
 17595 | D:11     | Killed Nergalle
 18363 | D:12     | Found a staircase to the Orcish Mines.
 18526 | D:12     | Reached skill level 14 in Fighting
 18728 | D:12     | Identified the +1 ring mail "Gutwu" {Str+3} (Okawaru gifted
                  | it to you on level 12 of the Dungeon)
 18728 | D:12     | Received a gift from Okawaru
 19358 | D:13     | Found a gate leading to a gauntlet.
 19373 | Gauntlet | Entered a Gauntlet
 19373 | Gauntlet | Found a transporter.
 19373 | Gauntlet | Found a transporter.
 19619 | Gauntlet | Found a transporter.
 19623 | Gauntlet | Found a transporter.
 19634 | Gauntlet | Found a transporter.
 19635 | Gauntlet | Found a transporter.
 19643 | Gauntlet | Found a transporter.
 19660 | Gauntlet | Found a transporter.
 19675 | Gauntlet | Found a transporter.
 19679 | Gauntlet | Found a transporter.
 19690 | Gauntlet | Found a transporter.
 19691 | Gauntlet | Found a transporter.
 19949 | Gauntlet | Identified the +2 cloak of Hospitality {Dex+2}
 20068 | Gauntlet | Identified the +7 whip of the Amorous God {spect, rN++
                  | Int+2}
 20087 | Gauntlet | Identified the ring "Cicaz" {rC+ Will+ Int-2 SInv}
 20144 | D:13     | Found an ancient bone altar of Kikubaaqudgha.
 20286 | D:13     | Found Keic's Assorted Antiques.
 20301 | D:13     | Bought a smoking chain mail for 161 gold pieces
 20301 | D:13     | Identified the +2 chain mail "Gell" {Str+4} (You bought it
                  | in a shop on level 13 of the Dungeon)
 20340 | D:13     | Reached XP level 16. HP: 87/134 MP: 21/21
 20522 | D:13     | Found a large runed translucent door.
 20522 | D:13     | Found a large runed translucent door.
 20699 | D:13     | Noticed Yguig's ghost (journeyman BaGl)
 20738 | D:13     | Killed Yguig's ghost
 21045 | D:14     | Identified the +0 pair of boots of Least Resistance {rElec
                  | rC- Will- Dex+4} (Okawaru gifted it to you on level 14 of
                  | the Dungeon)
 21045 | D:14     | Received a gift from Okawaru
 21097 | D:14     | Found a frozen archway.
 21343 | IceCv    | Entered an ice cave
 21439 | IceCv    | Found a transporter.
 21451 | IceCv    | Found a transporter.
 21488 | IceCv    | Reached skill level 15 in Fighting
 21815 | IceCv    | Got Naixkyme's Cyclopedia of Reshaped Hyperthermia
 22000 | D:14     | Found a gate to the Vaults.
 22618 | D:15     | Entered Level 15 of the Dungeon
 22618 | D:15     | Found Rimuol's Book Boutique.
 23481 | D:15     | Found Byhos's Distillery.
 23535 | D:15     | Reached skill level 15 in Shields
 23542 | D:15     | Identified the +3 demon whip "Bilugos" {flame, +Blink rElec
                  | Int+3} (Okawaru gifted it to you on level 15 of the
                  | Dungeon)
 23542 | D:15     | Received a gift from Okawaru
 23924 | D:15     | Found a staircase to the Depths.
 24116 | D:15     | Reached XP level 17. HP: 142/142 MP: 22/22
 24458 | D:15     | Acquired a manual of Ranged Weapons
 24570 | Orc:1    | Entered Level 1 of the Orcish Mines
 24974 | Orc:1    | Found a runed translucent door.
 25193 | Orc:1    | Noticed Pooter's ghost (journeyman MiBe)
 25217 | Orc:1    | Killed Pooter's ghost
 25267 | Orc:2    | Entered Level 2 of the Orcish Mines
 25279 | Orc:2    | Reached skill level 1 in Evocations
 25349 | Orc:2    | Noticed Blork the orc
 25358 | Orc:2    | Killed Blork the orc
 25392 | Orc:2    | Found Atirap's Antique Armour Emporium.
 25685 | Orc:2    | Found Lonyek's General Store.
 25701 | Orc:2    | Found a staircase to the Elven Halls.
 25882 | Orc:2    | Found Kiob's Book Emporium.
 26120 | Orc:2    | Found Pumudehu's Antique Weapon Emporium.
 26596 | Lair:2   | Found a staircase to the Swamp.
 26818 | Swamp:1  | Entered Level 1 of the Swamp
 26818 | Swamp:1  | Noticed Donald
 26818 | Swamp:1  | Noticed Aizul
 26839 | Lair:2   | Killed Aizul
 26880 | Lair:2   | Killed Donald
 28424 | Swamp:2  | Reached skill level 10 in Ranged Weapons
 28688 | Swamp:2  | Reached skill level 16 in Fighting
 28718 | Swamp:2  | HP: 7/144 [bunyip[a spriggan druid] (30)]
 30213 | Swamp:3  | Reached XP level 18. HP: 151/151 MP: 23/23
 30219 | Swamp:3  | Identified the +1 pair of gloves "Maxiry" {Int+3}
 30587 | Swamp:4  | Entered Level 4 of the Swamp
 30606 | Swamp:4  | Reached skill level 5 in Evocations
 31077 | Swamp:4  | Received a gift from Okawaru
 31835 | Swamp:4  | Got a decaying rune of Zot
 32209 | Snake:1  | Entered Level 1 of the Snake Pit
 32250 | Snake:1  | Found Epintut's Gadget Gallery.
 32313 | Snake:1  | Received a gift from Okawaru
 32785 | Snake:1  | Found a transporter.
 32788 | Snake:1  | Found a bloodstained altar of Trog.
 32788 | Snake:1  | Noticed Mimusiah's ghost (adept HOFi)
 32804 | Snake:1  | Found a transporter.
 32845 | Snake:1  | Found Weibearo's Weapon Shoppe.
 33493 | Snake:2  | Received a gift from Okawaru
 33494 | Snake:2  | Reached skill level 10 in Armour
 33502 | Snake:2  | Reached skill level 10 in Stealth
 33506 | Snake:2  | Reached XP level 19. HP: 98/159 MP: 17/24
 33511 | Snake:2  | Received a gift from Okawaru
 33522 | Snake:2  | Reached skill level 17 in Fighting
 35135 | Snake:4  | Entered Level 4 of the Snake Pit
 35155 | Snake:4  | Received a gift from Okawaru
 35187 | Snake:4  | Found a flickering gateway to a bazaar.
 35328 | Bazaar   | Entered a bazaar
 35333 | Bazaar   | Found Xuaf's Book Emporium.
 35342 | Bazaar   | Found Meismat's Jewellery Boutique.
 35342 | Bazaar   | Found Enkecka's Book Boutique.
 35361 | Bazaar   | Found Zaezuhop's Armour Shoppe.
 35442 | Bazaar   | Bought a book of the Hunter for 286 gold pieces
 35483 | Bazaar   | Learned a level 8 spell: Discord
 35492 | Bazaar   | Bought a manual of Spellcasting for 1200 gold pieces
 35643 | Snake:4  | Noticed Nikola
 35670 | Snake:4  | Killed Nikola
 35836 | Snake:4  | Reached skill level 1 in Hexes
 36071 | Snake:4  | Received a gift from Okawaru
 36468 | Snake:4  | Killed from afar by a quicksilver dragon

Illustrated notes

Levels and vault maps discovered:
D:1:      pf_arrival_petrified_forest, layout_basic, st_stairs_13
D:2:      layout_loops_ring, hangedman_abyss_or_decor_stabs,
          minmay_tiny_reverse_x
D:3:      layout_loops_ring, hellmonk_ecumenical_altar_pennies_from_heaven
D:4:      layout_cave_pools, makhleb_blood_cavern_becter,
          mainiacjoe_overflow_large_starburst, xom_teletrap_fun, st_stairs_8,
          uniq_robin, uniq_edmund, uniq_eustachio, uniq_natasha
D:5:      layout_basic, lemuel_crystal_altar,
          mainiacjoe_overflow_small_starburst, tso_altar,
          minmay_temple_entry_antechambers, hangedman_abyss_or_decor_stagger,
          kennysheep_generic_room_14
D:6:      layout_cave_pools
D:7:      layout_basic, zin_statuary, gammafunk_ghost_abyssal_escape,
          serial_shops, shop_statue, kennysheep_generic_room_3
D:8:      kb_forest_paths, layout_basic, ebering_ghost_reflecting_pool,
          serial_shops, kennysheep_little_box
D:9:      layout_cave_pods, serial_shops, nicolae_shop_statue_plus
D:10:     layout_layer_cave, grunt_temple_overflow_opulence,
          mainiacjoe_overflow_cross_hatched
D:11:     hangedman_cross_veins, layout_basic, uniq_nergalle
D:12:     minmay_the_grid_triangle_9x9_rhombus_thin
          [minmay_the_grid_triangle_9x9_thin_v,
          minmay_the_grid_triangle_9x9_prize_center,
          minmay_the_grid_triangle_9x9_warning,
          minmay_the_grid_triangle_9x9_flanged_cone], layout_cave_pools,
          hiddenorc1_lemuel
D:13:     layout_cave_pools, serial_shops, shop, serial_undead, serial_undead_a,
          serial_undead_f, serial_undead_b, serial_undead_b,
          ebering_ghost_disaster_area, gauntlet_entry_generic,
          lemuel_zombie_altar_kikubaaqudgha
D:14:     layout_roguey, grunt_vaults_entry_tiered,
          portal_ice_cave_entry_dragon, kennysheep_generic_room_15
D:15:     hangedman_depths_entry_civil_slaughter, layout_stronghold,
          hangedman_decor_growths, serial_shops, nicolae_shop_window_shopping,
          shop_statue, grunt_ministairs_10
Temple:   minmay_freezing_vapour_temple
Lair:1:   layout_loops_ring
Lair:2:   layout_regular_city, nicolae_swamp_entry_splash_gauntlet,
          guppyfry_snake_entry_garden, kennysheep_snail_temple,
          grunt_megastairs_2
Lair:3:   lemuel_ratsnest, layout_layer_cave, grunt_megastairs_5,
          lemuel_fruit_tree, serial_bayou_shore_b
Lair:4:   layout_regular_city, minmay_slime_entry_jelly_boxes
Lair:5:   evilmike_catoblepas_cave, layout_loops_ring,
          chequers_serial_rivers_small_b, serial_bayou_shore_b, uniq_nessos
Swamp:1:  layout_basic_swamp, serial_swamp_ruin, evilmike_swamp_ruin_house_6,
          hangedman_swamp_ruin_wall, evilmike_swamp_ruin_house_3, uniq_donald,
          uniq_aizul
Swamp:2:  layout_basic_swamp, evilmike_swamp_ruin_house_2, swamp_pool3,
          hangedman_swamp_blocks, infiniplex_staircase_pool_2
Swamp:3:  layout_basic_swamp, evilmike_swamp_ruin_rubble_2, swamp_pool1
Swamp:4:  swamp_basic_johnstein, layout_basic_swamp, swamp_pool5
Snake:1:  layout_rooms, serial_shops, nicolae_shop_bloodbath_and_beyond,
          gammafunk_ghost_wrathful_warriors, nicolae_shop_gadgets
Snake:2:  layout_cave_town, nicolae_snake_gridmaze_entwining,
          nicolae_snake_guarding_the_ruins
Snake:3:  layout_gridlike
Snake:4:  hellmonk_snake_rune_quicksilver_temple, layout_grid_shapes,
          serial_shops, bzr_entry_islet, serial_bayou_shore_a,
          minmay_shop_grove, uniq_nikola
Orc:1:    layout_caves, basic_altar, ebering_ghost_reflecting_pool,
          kennysheep_orc_chapel
Orc:2:    grunt_orc_cross, layout_diamond_mine, bh_open_orc_temple

Skill      XL: |  1  2  3  4  5  6  7  8  9 10 11 12 13 14 15 16 17 18 19 |
---------------+----------------------------------------------------------+-----
Dodging        | 2 3 4 5 7 9 10 11 12 13 | 13.9
Stealth        | 2 3 4 5 6 8 9 10 11 | 11.4
Fighting       | 3 4 5 6 7 8 9 11 12 13 14 15 16 17 | 17.5
Maces & Flails | 1 2 4 5 6 8 9 11 12 13 14 | 14.3
Armour         | 3 5 6 8 10 11 | 11.0
Invocations    | 4 6 7 |  7.3
Shields        | 4 7 10 12 13 15 | 15.1
Ranged Weapons | 5 7 8 10 12 14 | 14.0
Evocations     | 4 7 8 |  8.6
Hexes          | 2 |  2.8

Action                     |  1- 3 |  4- 6 |  7- 9 | 10-12 | 13-15 | 16-18 | 19-21 || total
---------------------------+-------+-------+-------+-------+-------+-------+-------++-------
  Melee: Shillelagh        |       |    25 |   141 |   257 |   765 |  1300 |   356 ||  2844
         Punch             |       |       |     1 |     2 |       |       |       ||     3
   Fire: Shortbow          |    78 |   109 |       |       |       |       |       ||   187
         Longbow           |       |       |       |       |    64 |    25 |       ||    89
 Invoke: Heroism           |       |       |     1 |     2 |    14 |    28 |     3 ||    48
         Finesse           |       |       |       |       |       |     2 |     2 ||     4
Ability: Dig               |       |       |       |     4 |       |     4 |       ||     8
  Evoke: Wand              |       |       |     1 |       |     1 |     1 |       ||     3
         Condenser vane    |       |       |       |       |       |     2 |     1 ||     3
         Tin of tremorston |       |       |       |       |       |     2 |       ||     2
    Use: Scroll            |       |     1 |     8 |     4 |    12 |    11 |     1 ||    37
         Potion            |       |       |     1 |       |     1 |    14 |     1 ||    17
   Stab: Sleeping          |       |     2 |     9 |     8 |    25 |    16 |     7 ||    67
         Distracted        |       |       |     1 |       |       |     6 |     1 ||     8
         Invisible         |       |       |       |       |     3 |     5 |       ||     8
 Armour: Leather armour    |     7 |    15 |    17 |     7 |    85 |   202 |    28 ||   361
         Steam dragon scal |       |       |       |    26 |       |       |       ||    26
         Plate armour      |       |       |       |       |       |    41 |       ||    41
  Dodge: Dodged            |    24 |    62 |    75 |   128 |   283 |   812 |   219 ||  1603
         Repelled          |       |       |     1 |     2 |     9 |       |       ||    12
  Block: Kite shield       |       |       |       |   100 |   673 |  1496 |   406 ||  2675

Table legend: (Time is in decaauts)
 A = Elapsed time spent in this place.
 B = Non-inter-level travel time spent in this place.
 C = Inter-level travel time spent in this place.
 D = Time resting spent in this place.
 E = Time spent auto-exploring this place.
 F = Levels seen in this place.
 G = Mean time per level.
                   A        B        C        D        E       F      G
               +--------+--------+--------+--------+--------+-----+--------+
         Total |  36097 |  34300 |   1797 |   4460 |  23182 |  34 | 1061.7 |
       Dungeon |  17485 |  16515 |    970 |   1085 |  12561 |  15 | 1165.7 |
        Temple |     22 |     22 |      0 |      0 |      0 |   1 |   22.0 |
          Lair |   6698 |   6313 |    385 |    581 |   4627 |   5 | 1339.6 |
         Swamp |   4870 |   4707 |    163 |   1499 |   2282 |   4 | 1217.5 |
     Snake Pit |   3865 |   3770 |     95 |    650 |   2343 |   4 |  966.2 |
  Orcish Mines |   1722 |   1540 |    182 |      0 |   1221 |   2 |  861.0 |
        Bazaar |    196 |    196 |      0 |      0 |     99 |   1 |  196.0 |
      Ice Cave |    517 |    517 |      0 |    380 |      9 |   1 |  517.0 |
      Gauntlet |    719 |    719 |      0 |    265 |     39 |   1 |  719.0 |
               +--------+--------+--------+--------+--------+-----+--------+

Top non-repeatable levels by time:
     D:8: 2201 daAuts
  Lair:2: 2189 daAuts
 Swamp:3: 1856 daAuts
    D:15: 1832 daAuts
  Lair:5: 1509 daAuts
    D:11: 1481 daAuts
 Snake:2: 1421 daAuts
     D:5: 1349 daAuts
    D:12: 1331 daAuts
  Lair:3: 1255 daAuts
 Swamp:2: 1227 daAuts
    D:10: 1173 daAuts
    D:14: 1142 daAuts
     D:9: 1113 daAuts
 Swamp:1: 1082 daAuts
